 Dungeon Crawl Stone Soup version 0.29.1-15-g9cfb28693d (webtiles) character file.

Game seed: 17268385497774562177

2436 Kranky the Spear-Bearer (level 9, 0/111 HPs)
             Began as a Gnoll Berserker on Mar 22, 2023.
             Was a Priest of Trog.
             Slain by a troll (5 damage)
             ... on level 5 of the Dungeon.
             The game lasted 00:18:45 (8428 turns).

Kranky the Spear-Bearer (Gnoll Berserker)           Turns: 8428, Time: 00:18:45

Health: 0/111      AC: 16    Str: 21    XL:     9   Next: 49%
Magic:  24/24      EV:  4    Int:  7    God:    Trog [***...]
Gold:   289        SH: 12    Dex: 11    Spells: 16/16 levels left

rFire   . . .      SeeInvis .   p - +0 trident
rCold   . . .      Faith    .   b - +0 tower shield
rNeg    + . .      Spirit   .   y - +0 plate armour
rPois   .          Reflect  .   (no helmet)
rElec   .          Harm     .   n - +0 cloak
rCorr   .          Rampage  .   s - +0 pair of gloves
Will    ++...                   A - +0 pair of boots
Stlth   ..........              H - amulet of the acrobat
HPRegen 1.28/turn               e - ring of positive energy
MPRegen 0.19/turn               m - ring of magical power

@: berserking (expiring), strong-willed, regenerating, very quick
A: fangs 1, strong nose, distributed training
a: Renounce Religion, Berserk, Trog's Hand


You were on level 5 of the Dungeon.
You worshipped Trog.
Trog was most pleased with you.
You visited 1 branch of the dungeon, and saw 7 of its levels.

You collected 289 gold pieces.

Inventory:

Hand Weapons
 p - a +0 trident (weapon)
 D - a +0 flail of holy wrath
 I - a +1 rapier of protection
 J - the +4 quarterstaff of Dazxash {antimagic, *Slow rElec rPois Int+3}
   (You found it on level 6 of the Dungeon)

   It reduces the magical energy of the wielder, and disrupts the spells and
   magical abilities of those it strikes.
   Natural abilities and divine invocations are not affected.
   Int:       It affects your intelligence (+3).
   rElec:     It insulates you from electricity.
   rPois:     It protects you from poison.
   *Slow:     It may slow you when you take damage.
Missiles
 w - 6 silver javelins (quivered)
 x - 6 poisoned darts
 E - a throwing net
Armour
 b - a +0 tower shield (worn)
 n - a +0 cloak (worn)
 s - a +0 pair of gloves (worn)
 y - a +0 plate armour (worn)
 A - a +0 pair of boots (worn)
Jewellery
 e - a ring of positive energy (left hand)
 m - a ring of magical power (right hand)
 H - an amulet of the acrobat (around neck)
Wands
 d - a wand of flame (9)
 q - a wand of iceblast (18)
Scrolls
 c - a scroll of fear {unknown}
 g - a scroll of blinking {unknown}
 h - 2 scrolls of enchant weapon {unknown}
 i - 4 scrolls of teleportation {unknown}
 k - a scroll of vulnerability {unknown}
 l - a scroll of poison {unknown}
 r - a scroll of immolation {unknown}
 v - 2 scrolls of enchant armour {unknown}
 B - a scroll of magic mapping {unknown}
 C - 2 scrolls of identify
 G - a scroll of amnesia {unknown}
Potions
 a - a potion of cancellation {unknown}
 f - 5 potions of lignification
 j - 2 potions of resistance
 o - 5 potions of heal wounds
 t - 2 potions of haste {unknown}
 u - 2 potions of might {unknown}
 z - 2 potions of attraction {unknown}
 F - a potion of ambrosia {unknown}
 K - a potion of curing {unknown}


   Skills:
 + Level 8.0 Fighting
 + Level 4.4 Short Blades
 + Level 4.4 Long Blades
 + Level 4.4 Axes
 + Level 4.4 Maces & Flails
 + Level 8.0 Polearms
 + Level 4.4 Staves
 + Level 4.4 Ranged Weapons
 + Level 4.4 Throwing
 + Level 6.5 Armour
 + Level 6.5 Dodging
 + Level 4.4 Stealth
 + Level 4.4 Shields
 + Level 4.4 Unarmed Combat
 + Level 4.4 Spellcasting
 + Level 3.7 Conjurations
 + Level 3.7 Hexes
 + Level 3.7 Summonings
 + Level 3.7 Necromancy
 + Level 3.7 Translocations
 + Level 3.7 Transmutations
 + Level 3.7 Fire Magic
 + Level 3.7 Ice Magic
 + Level 3.7 Air Magic
 + Level 3.7 Earth Magic
 + Level 3.7 Poison Magic
 + Level 4.9 Invocations
 + Level 4.4 Evocations


You had 16 spell levels left.
You didn't know any spells.
Your spell library was empty.

Dungeon Overview and Level Annotations

Branches:
Dungeon (7/15)             Temple (0/1) D:5

Altars:
Cheibriados
Nemelex Xobeh
Trog

Shops:
D:4 ((=(:


Innate Abilities, Weirdness & Mutations

You have very sharp teeth.
Your uncanny sense of smell can sniff out nearby items.
Your experience applies equally to all skills.


Message History

* * * LOW HITPOINT WARNING * * *
You block the troll's attack. The troll misses you.
A red film seems to cover your vision as you go berserk!
You feel yourself moving faster!
You feel mighty! The troll bites you.
* * * LOW HITPOINT WARNING * * *
The troll claws you but does no damage. You block the troll's attack.
You puncture the troll!
The troll is moderately wounded.
You block the troll's attack. The troll claws you but does no damage.
You block the troll's attack.
You barely miss the troll.
The troll is moderately wounded.
The troll bites you but does no damage. The troll claws you but does no damage.
The troll claws you.
* * * LOW HITPOINT WARNING * * *
You barely miss the troll.
The troll is moderately wounded.
You block the troll's attack. x3
You puncture the troll!
The troll is heavily wounded.
You block the troll's attack. x2; The troll claws you!
* * * LOW HITPOINT WARNING * * *
You hit the troll but do no damage.
The troll is heavily wounded.
The troll bites you!
* * * LOW HITPOINT WARNING * * *
The troll claws you.
* * * LOW HITPOINT WARNING * * *
You block the troll's attack.
You are too berserk!
You barely miss the troll.
The troll is heavily wounded.
You closely miss the troll.
The troll is heavily wounded.
You block the troll's attack. The troll claws you but does no damage.
You block the troll's attack.
You puncture the troll!
The troll is severely wounded.
You block the troll's attack. The troll claws you.
You die...

############ #.....@T...#######
##########.#######........#
#..........# #..#####.######
#.#.####.### #..# ##.##....
#.#.# #...# #..####..[#.###
#.#.###...### #......[...#..#
#.#.#.......######..)##......#.#
#.................!.[#.......#.#
#...#.......####....#..........#


You could see a troll.

Vanquished Creatures
  Eustachio (D:6)
  A steam dragon (D:7)
  Menkaure (D:4)
  An ice beast (D:7)
  A sky beast (D:7)
  An orc warrior (D:5)
  2 black bears (D:4)
  2 ogres (D:5)
  2 bullfrogs (D:6)
  A gnoll sergeant (D:5)
  A necrophage (D:6)
  7 scorpions
  2 howler monkeys (D:6)
  A jelly (D:4)
  A gnoll bouda (D:6)
  4 orc priests
  3 hounds
  An iguana (D:4)
  2 orc wizards (D:5)
  12 gnolls
  9 adders
  A shadow imp (D:5)
  6 worms
  3 dart slugs
  17 orcs
  3 endoplasms (D:3)
  7 goblins
  6 hobgoblins
  A jackal (D:3)
  7 kobolds
  7 quokkas
  5 ball pythons
  5 bats
  A frilled lizard (D:3)
  4 rats
129 creatures vanquished.

Notes
Turn   | Place    | Note
-------+----------+-------------------------------------------
     0 | D:1      | Kranky the Gnoll Berserker began the quest for the Orb.
     0 | D:1      | Reached XP level 1. HP: 23/23 MP: 1/1
   271 | D:1      | You fall into a shaft and drop 1 floor!
   287 | D:2      | Reached XP level 2. HP: 28/29 MP: 2/2
   685 | D:2      | Reached XP level 3. HP: 35/35 MP: 3/3
   852 | D:2      | Reached skill level 1 in Invocations
  1128 | D:1      | Reached skill level 1 in Short Blades
  1128 | D:1      | Reached skill level 1 in Long Blades
  1128 | D:1      | Reached skill level 1 in Axes
  1128 | D:1      | Reached skill level 1 in Maces & Flails
  1128 | D:1      | Reached skill level 1 in Staves
  1128 | D:1      | Reached skill level 1 in Ranged Weapons
  1128 | D:1      | Reached skill level 1 in Throwing
  1128 | D:1      | Reached skill level 1 in Stealth
  1128 | D:1      | Reached skill level 1 in Shields
  1128 | D:1      | Reached skill level 1 in Unarmed Combat
  1128 | D:1      | Reached skill level 1 in Spellcasting
  1128 | D:1      | Reached skill level 1 in Evocations
  1250 | D:1      | Found a faded altar of an unknown god.
  1261 | D:1      | Reached XP level 4. HP: 40/41 MP: 5/5
  1310 | D:1      | Reached ** piety under Trog
  1771 | D:3      | Reached skill level 1 in Conjurations
  1771 | D:3      | Reached skill level 1 in Hexes
  1771 | D:3      | Reached skill level 1 in Summonings
  1771 | D:3      | Reached skill level 1 in Necromancy
  1771 | D:3      | Reached skill level 1 in Translocations
  1771 | D:3      | Reached skill level 1 in Transmutations
  1771 | D:3      | Reached skill level 1 in Fire Magic
  1771 | D:3      | Reached skill level 1 in Ice Magic
  1771 | D:3      | Reached skill level 1 in Air Magic
  1771 | D:3      | Reached skill level 1 in Earth Magic
  1771 | D:3      | Reached skill level 1 in Poison Magic
  2066 | D:3      | Found a bloodstained altar of Trog.
  2160 | D:3      | Reached XP level 5. HP: 29/47 MP: 5/7
  3373 | D:4      | Found Haapnuo's Weapon Shop.
  3409 | D:4      | Found Viqifed's Jewellery Boutique.
  3450 | D:4      | Noticed Menkaure
  3453 | D:4      | Killed Menkaure
  3454 | D:4      | Reached skill level 5 in Armour
  3454 | D:4      | Reached skill level 5 in Dodging
  3454 | D:4      | Reached XP level 6. HP: 53/53 MP: 9/9
  3522 | D:4      | Found a snail-covered altar of Cheibriados.
  3524 | D:4      | Noticed a black bear
  3531 | D:4      | Killed a black bear
  3608 | D:4      | Reached XP level 7. HP: 51/60 MP: 10/10
  4087 | D:4      | Found Zoukair's Antique Weapon Shoppe.
  4103 | D:4      | Found a sparkling altar of Nemelex Xobeh.
  4187 | D:4      | Found Jedghu Dausha's Antique Weapon Emporium.
  4343 | D:4      | Found Nenturch's Book Shop.
  4388 | D:5      | Entered Level 5 of the Dungeon
  4478 | D:5      | Reached *** piety under Trog
  4561 | D:4      | Reached XP level 8. HP: 38/67 MP: 12/12
  4937 | D:5      | Found a staircase to the Ecumenical Temple.
  6565 | D:6      | Reached XP level 9. HP: 19/73 MP: 14/14
  7262 | D:6      | Noticed Eustachio
  7285 | D:6      | Killed Eustachio
  7417 | D:6      | Identified the +4 quarterstaff of Dazxash {antimagic, *Slow
                  | rElec rPois Int+3}
  8135 | D:7      | Noticed a troll
  8425 | D:5      | HP: 1/111 [troll (6)]
  8428 | D:5      | Slain by a troll

Illustrated notes

Levels and vault maps discovered:
D:1:      dpeg_arrival_tiny_d, layout_rooms,
          ebering_ecumenical_altar_sacrificial, minmay_misc_feat_hallway
D:2:      layout_rooms
D:3:      layout_loops_corners, lemuel_crystal_altar,
          ebering_dispersal_statue_hall, hex_medium,
          minmay_misc_feat_more_columns, minmay_fractal_squares_5
D:4:      black_bear_nest_2, layout_loops_ring, lemuel_doored_altar,
          mainiacjoe_overflow_surrounded_room, serial_shops,
          nicolae_diamond_shop, nicolae_shop_stone, shop, shop, shop,
          uniq_menkaure
D:5:      layout_loops_ring, minmay_temple_entry_statues_fountains
D:6:      layout_basic, kennysheep_generic_room_13, uniq_eustachio
D:7:      layout_cave_pools, serial_glass, glass_columns_a, glass_columns_b,
          feat_on_display, feat_on_display, due_unseen_surprise,
          corexii_leaking_fountain, nicolae_shop_firing_range

Skill      XL: |  1  2  3  4  5  6  7  8  9 |
---------------+----------------------------+-----
Invocations    | 1 2 3 4 |  4.9
Short Blades   | 1 2 3 4 |  4.4
Long Blades    | 1 2 3 4 |  4.4
Axes           | 1 2 3 4 |  4.4
Maces & Flails | 1 2 3 4 |  4.4
Staves         | 1 2 3 4 |  4.4
Ranged Weapons | 1 2 3 4 |  4.4
Throwing       | 1 2 3 4 |  4.4
Stealth        | 1 2 3 4 |  4.4
Shields        | 1 2 3 4 |  4.4
Unarmed Combat | 1 2 3 4 |  4.4
Spellcasting   | 1 2 3 4 |  4.4
Evocations     | 1 2 3 4 |  4.4
Conjurations   | 1 2 3 |  3.7
Hexes          | 1 2 3 |  3.7
Summonings     | 1 2 3 |  3.7
Necromancy     | 1 2 3 |  3.7
Translocations | 1 2 3 |  3.7
Transmutations | 1 2 3 |  3.7
Fire Magic     | 1 2 3 |  3.7
Ice Magic      | 1 2 3 |  3.7
Air Magic      | 1 2 3 |  3.7
Earth Magic    | 1 2 3 |  3.7
Poison Magic   | 1 2 3 |  3.7
Armour         | 5 6 |  6.5
Dodging        | 5 6 |  6.5
Fighting       | 7 8 |  8.0
Polearms       | 7 8 |  8.0

Action                   |  1- 3 |  4- 6 |  7- 9 || total
-------------------------+-------+-------+-------++-------
Melee: Spear             |   112 |   106 |       ||   218
       Bite              |     4 |    15 |    42 ||    61
       Punch             |       |     1 |     1 ||     2
       Trident           |       |    68 |   385 ||   453
Invok: Trog's Hand       |       |       |     4 ||     4
       Berserk           |       |       |     2 ||     2
Evoke: Wand              |       |     5 |     1 ||     6
  Use: Scroll            |       |     3 |     2 ||     5
Armor: Animal skin       |     8 |       |       ||     8
       Chain mail        |    21 |    42 |       ||    63
       Plate armour      |       |    26 |   261 ||   287
Dodge: Dodged            |    48 |    45 |   137 ||   230
Block: Tower shield      |       |       |   271 ||   271
